 Dungeon Sprint DCSS version 0.28-a0-1033-g1a2f33fa85 (webtiles) character file.

Game seed: 1925800194948955958

637 ytrimaz the Protected (level 7, 0/66 HPs)
             Began as a Formicid Fighter on Dec 7, 2021.
             Was an Initiate of Okawaru.
             Slain by Sonja (4 damage)
             ... in the Dungeon (Sprint I: "Red Sonja").
             The game lasted 00:01:14 (692 turns).

ytrimaz the Protected (Formicid Fighter)             Turns: 692, Time: 00:01:15

Health: 0/66       AC:  9    Str: 23    XL:     7   Next: 79%
Magic:  7/7        EV: 10    Int:  7    God:    Okawaru [......]
Gold:   314        SH:  4    Dex: 10    Spells: 6/6 levels left

rFire   . . .      SeeInvis +   a - +0 war axe
rCold   . . .      Faith    .   c - +0 buckler
rNeg    . . .      Spirit   .   b - +1 scale mail
rPois   .          Reflect  .   (helmet unavailable)
rElec   .          Harm     .   (no cloak)
rCorr   .          Rampage  .   (no gloves)
Will    .....                   (no boots)
Stlth   ..........              (no amulet)
HPRegen 0.21/turn               (no ring)
MPRegen 0.10/turn               (no ring)

@: no status effects
A: permanent stasis, dig shafts and tunnels, antennae 3, four strong arms
a: Dig, Renounce Religion


You were in the Dungeon.
You worshipped Okawaru.
Okawaru was noncommittal.
You visited 1 branch You collected 314 gold pieces.

Inventory:

Hand Weapons
 a - a +0 war axe (weapon)
Armour
 b - a +1 scale mail (worn)
 c - a +0 buckler (worn)
Potions
 f - 2 potions of heal wounds
 g - 3 potions of magic


   Skills:
 + Level 10.1 Fighting
 + Level 9.9 Axes
 + Level 10.5 Armour
 - Level 3.6 Shields


You had 6 spell levels left.
You didn't know any spells.
Your spell library was empty.

Dungeon Overview and Level Annotations

Branches:
Dungeon (1/1)

Altars:
Cheibriados
Dithmenos
Elyvilon
Fedhas
Gozag
Hepliaklqana
Kikubaaqudgha
Makhleb
Nemelex Xobeh
Okawaru
Qazlal
Ru
Sif Muna
Trog
Uskayaw
Vehumet
Wu Jian
Xom
Yredelemnul
Zin
The Shining One
Jiyva
Lugonu

Shops:
D =

Annotations:
D Sonja


Innate Abilities, Weirdness & Mutations

You cannot be hasted, slowed, berserked, paralysed or teleported.
You can dig through walls and to a lower floor.
You have a pair of large antennae on your head. (SInv)
Your four strong arms can wield two-handed weapons with a shield.


Message History

Sonja twirls her cape.
Found 108 gold pieces.
Okay, then.
There is an open door here.
You completely miss Sonja. Sonja hits you but does no damage. Sonja misses you.
Sonja hits you but does no damage. Space warps horribly around you.
Sonja hits you but does no damage. x2; Space warps horribly around you!
Sonja hits you but does no damage.
You completely miss Sonja.
Sonja shouts, "Some dancing partner you are!"
Sonja hits you but does no damage. Space warps around you.
Sonja closely misses you.
Sonja hits you with a +0 dagger of distortion.
You barely miss Sonja. Sonja closely misses you. x2
Sonja hits you with a +0 dagger of distortion. x3
Space warps around you. You block Sonja's attack.
You miss Sonja.
Sonja mumbles some strange words.
Sonja blinks!
Sonja says, "I'm academy-trained, you know."
Sonja throws a curare-tipped dart.
The curare-tipped dart hits you.
You are poisoned.
You have difficulty breathing.
Your stasis prevents you from being slowed.
Unknown command.
Unknown command.
As you close the door, it creaks loudly!
* * * LOW HITPOINT WARNING * * *
You feel very sick.
You feel better.
Unknown command.
Sonja opens the door.
Sonja throws a curare-tipped dart.
You block the curare-tipped dart. You block Sonja's attack.
Sonja hits you but does no damage. Space warps horribly around you!!
* * * LOW HITPOINT WARNING * * *
Sonja hits you with a +0 dagger of distortion.
* * * LOW HITPOINT WARNING * * *
Space warps around you.
You die...

#<.#..').#..'..#__#
#..').#..').#..'..+
#..#####'#####'#__#
{
#..####..#...#.####
#..#__####..##.# {
#..#_____##'#_.+
#⌠⌠#_.∩...'..._# {
####_..__##_K#+#
#_____###@#
#########.## +$.$+
{ #$.$# { ##.## {
#+# {{ { { { { {{{
{{{


You could see Sonja.

Vanquished Creatures
  A slime creature (D)
  Sigmund (D)
  A yak (D)
  An ogre (D)
  A jelly (D)
  Ijyb (D)
6 creatures vanquished.

Notes
Turn   | Place    | Note
-------+----------+-------------------------------------------
     0 | D        | ytrimaz the Formicid Fighter began the quest for the Orb.
     0 | D        | Reached XP level 1. HP: 18/18 MP: 1/1
     1 | D        | Noticed Ijyb
    25 | D        | Killed Ijyb
    26 | D        | Reached skill level 5 in Fighting
    26 | D        | Reached skill level 5 in Armour
    26 | D        | Reached XP level 2. HP: 12/27 MP: 2/2
    26 | D        | Reached XP level 3. HP: 14/33 MP: 3/3
   194 | D        | Noticed an ogre
   197 | D        | Killed an ogre
   198 | D        | Reached skill level 5 in Axes
   198 | D        | Reached XP level 4. HP: 41/41 MP: 4/4
   198 | D        | Reached XP level 5. HP: 47/47 MP: 5/5
   200 | D        | Noticed Sigmund
   209 | D        | Killed Sigmund
   210 | D        | Reached XP level 6. HP: 41/57 MP: 6/6
   231 | D        | Found a burning altar of Makhleb.
   231 | D        | Found a shimmering altar of Xom.
   231 | D        | Noticed a slime creature
   232 | D        | Found a viscous altar of Jiyva.
   232 | D        | Found a corrupted altar of Lugonu.
   238 | D        | Killed a slime creature
   239 | D        | Reached XP level 7. HP: 12/64 MP: 7/7
   501 | D        | Found an ornate altar of the Wu Jian Council.
   501 | D        | Found a shimmering blue altar of Sif Muna.
   503 | D        | Found a radiant altar of Vehumet.
   509 | D        | Reached skill level 10 in Armour
   590 | D        | Found Vujij's Jewellery Emporium.
   590 | D        | Found an ancient bone altar of Kikubaaqudgha.
   590 | D        | Found a hazy altar of Hepliaklqana.
   590 | D        | Found a stormy altar of Qazlal.
   590 | D        | Found a hide-covered altar of Uskayaw.
   590 | D        | Found a blossoming altar of Fedhas.
   590 | D        | Found a bloodstained altar of Trog.
   590 | D        | Found an iron altar of Okawaru.
   590 | D        | Found a basalt altar of Yredelemnul.
   590 | D        | Found a glowing golden altar of the Shining One.
   590 | D        | Found a snail-covered altar of Cheibriados.
   590 | D        | Found a sacrificial altar of Ru.
   590 | D        | Found a glowing silver altar of Zin.
   590 | D        | Found a shadowy altar of Dithmenos.
   590 | D        | Found a white marble altar of Elyvilon.
   590 | D        | Noticed a yak
   596 | D        | Killed a yak
   597 | D        | Reached skill level 10 in Fighting
   597 | D        | Found an opulent altar of Gozag.
   598 | D        | Found a sparkling altar of Nemelex Xobeh.
   670 | D        | Became a worshipper of Warmaster Okawaru
   681 | D        | Noticed Sonja
   692 | D        | Slain by Sonja

Illustrated notes

Levels and vault maps discovered:
D:        dungeon_sprint_1 [red_sonja_temple_1, red_sonja_temple_small_1]

Skill      XL: |  1  2  3  4  5  6  7 |
---------------+----------------------+-----
Fighting       | 5 6 8 9 10 | 10.1
Axes           | 3 5 7 8 9 |  9.9
Armour         | 5 7 8 9 10 | 10.5
Shields        | |  3.6

Action                   |  1- 3 |  4- 6 |  7- 9 || total
-------------------------+-------+-------+-------++-------
Melee: War axe           |    26 |    11 |    14 ||    51
  Use: Potion            |     1 |       |     1 ||     2
       Scroll            |       |       |     1 ||     1
Armor: Scale mail        |    10 |     2 |    10 ||    22
Dodge: Dodged            |     6 |     2 |     6 ||    14
Block: Buckler           |     3 |     3 |     5 ||    11

Table legend: (Time is in decaauts)
 A = Elapsed time spent in this place.
 B = Non-inter-level travel time spent in this place.
 C = Inter-level travel time spent in this place.
 D = Time resting spent in this place.
 E = Time spent auto-exploring this place.
 F = Levels seen in this place.
 G = Mean time per level.
                   A        B        C        D        E       F      G
               +--------+--------+--------+--------+--------+-----+--------+
         Total |    704 |    704 |      0 |    542 |      0 |   1 |  704.0 |
       Dungeon |    704 |    704 |      0 |    542 |      0 |   1 |  704.0 |
               +--------+--------+--------+--------+--------+-----+--------+

Top non-repeatable levels by time:
       D: 704 daAuts
